 Dungeon Crawl Stone Soup version 0.17-a0-1485-g22cb0ee (webtiles) character file.

673 urechis the Grappler (level 7, -5/66 HPs)
             Began as a Troll Monk on July 5, 2015.
             Slain by urechis's ghost (17 damage)
             ... on level 4 of the Dungeon.
             The game lasted 00:04:18 (1815 turns).

urechis the Grappler (Troll Monk)                   Turns: 1815, Time: 00:04:18

Health: -5/66      AC:  5    Str: 22    XL:     7   Next: 33%
Magic:  6/6        EV:  5    Int:  6    God:
Gold:   162        SH:  0    Dex: 12    Spells: 0 memorised, 6 levels left

rFire  . . .     SeeInvis .       - Unarmed
rCold  . . .     Clarity  .     a - +0 robe
rNeg   . . .     SustAt   .     (no shield)
rPois  .         Gourm    +     (helmet restricted)
rElec  .         Spirit   .     (no cloak)
rCorr  .         Warding  .     (gloves unavailable)
rMut   .         Stasis   .     (boots unavailable)
MR     .....                    (no amulet)
Stlth  +.........               (no ring)
                                (no ring)

@: not resistant to hostile enchantments, very unstealthy
A: unfitting armour, claws 3, fast metabolism 3, gourmand, regeneration 2,
shaggy fur 1, tough skin 2
a: no special abilities


You were on level 4 of the Dungeon.
You were full.

You visited 1 branch of the dungeon, and saw 4 of its levels.

You collected 162 gold pieces.

Inventory:

Missiles
 q - 14 poisoned needles
 u - 5 needles of frenzy
Armour
 a - a +0 robe (worn)
Scrolls
 c - a scroll of fear {unknown}
 d - 4 scrolls of teleportation {unknown}
 e - 2 scrolls of enchant weapon {unknown}
 f - a scroll of amnesia {unknown}
 g - a scroll of noise {unknown}
 m - a scroll of enchant armour {unknown}
 n - a scroll of random uselessness {unknown}
 p - a scroll of blinking {unknown}
 r - 3 scrolls of remove curse {unknown}
 t - a scroll of magic mapping {unknown}
Potions
 h - 2 potions of flight {unknown}
 l - a potion of haste {unknown}
 o - a potion of invisibility {unknown}
 s - a potion of agility {unknown}
Comestibles
 b - 4 bread rations
 i - a beef jerky
 j - 2 royal jellies
 k - a slice of pizza


   Skills:
 - Level 2.4 Fighting
 - Level 2.4 Dodging
 - Level 1.1 Stealth
 * Level 9.0 Unarmed Combat


You had 6 spell levels left.
You didn't know any spells.

Dungeon Overview and Level Annotations

Branches:
Dungeon (4/15)
 Temple: D:4-7

Altars:
Gozag
Qazlal

Annotations:
D:4 urechis's ghost, average TrMo


Innate Abilities, Weirdness & Mutations

You are too large for most types of armour.
You have claws for hands.
Your metabolism is lightning-fast.
You like to eat raw meat.
You heal very quickly.
You are covered in fur (AC +1).
You have very tough skin (AC +2).


Message History

You claw urechis's ghost! Your claw misses urechis's ghost.
Urechis's ghost is severely damaged.
Urechis's ghost hits you!
You closely miss urechis's ghost.
Urechis's ghost is severely damaged.
Urechis's ghost hits you!
You closely miss urechis's ghost.
Urechis's ghost is severely damaged.
You scratch urechis's ghost.
Urechis's ghost is almost destroyed.
Urechis's ghost barely misses you.
You scratch urechis's ghost.
Urechis's ghost is almost destroyed.
Urechis's ghost hits you!
* * * LOW HITPOINT WARNING * * *
You scratch urechis's ghost.
Urechis's ghost is almost destroyed.
Urechis's ghost hits you but does no damage.
Urechis's ghost hits you!
You die...

######### ###.......#
#### #.....###.# ....
#.#.#.###@# ##### ####
#.#....##W###...#
######.#.#...........#
#..........###.###..>#
#.#####........# ##.#####
#.##.....##########.....#
#.##..>...# #.......#
#.##....#.# #.#####.#
#.......#.#######.#####.#


You could see urechis's ghost.

Vanquished Creatures
  The ghost of Fluffy the Covered, an experienced GrFi (D:3)
  An ogre (D:4)
  2 orc priests (D:3)
  An orc wizard (D:3)
  A worker ant (D:4)
  An adder (D:4)
  2 oozes
  2 worms (D:2)
  An adder skeleton (D:4)
  4 giant geckos
  6 orcs (D:3)
  2 ball pythons
  A bat skeleton (D:4)
  2 giant cockroaches
  17 hobgoblins
  8 jackals
  2 quokkas
  7 bats
  3 giant newts
  7 goblins
  4 kobolds
  9 rats
84 creatures vanquished.

Notes
Turn   | Place    | Note
--------------------------------------------------------------
     0 | D:1      | urechis the Troll Monk began the quest for the Orb.
     0 | D:1      | Reached XP level 1. HP: 22/22 MP: 0/0
    60 | D:1      | Reached XP level 2. HP: 29/29 MP: 1/1
   543 | D:2      | Reached skill level 5 in Unarmed Combat
   543 | D:2      | Reached XP level 3. HP: 32/36 MP: 2/2
   875 | D:3      | Reached XP level 4. HP: 44/44 MP: 3/3
   882 | D:3      | Reached skill level 6 in Unarmed Combat
   908 | D:3      | Found a faded altar to an unknown god.
   933 | D:3      | Found an opulent altar of Gozag.
   942 | D:3      | Noticed Fluffy's ghost (experienced GrFi)
   963 | D:3      | Killed Fluffy's ghost
   963 | D:3      | Reached skill level 8 in Unarmed Combat
   963 | D:3      | Reached XP level 5. HP: 14/50 MP: 4/4
   963 | D:3      | Reached XP level 6. HP: 16/59 MP: 5/5
  1027 | D:3      | Reached XP level 7. HP: 43/66 MP: 6/6
  1273 | D:3      | Found a stormy altar of Qazlal.
  1704 | D:4      | Reached skill level 9 in Unarmed Combat
  1753 | D:4      | Noticed urechis's ghost (average TrMo)
  1815 | D:4      | Slain by urechis's ghost

Vault maps used:
D:1:      lightli_arrival_statue_moat
D:3:      lemuel_round_altar, grunt_gozag_breadcrumbs, first_bread,
          ecumenical_altar_1
D:4:      temple_green

Action                   |  1- 3 |  4- 6 |  7- 9 || total
-------------------------+-------+-------+-------++-------
Melee: Unarmed           |   104 |    61 |    77 ||   242
 Stab: Sleeping          |     1 |       |       ||     1
  Eat: Chunk             |    11 |     4 |     4 ||    19
